 Dungeon Crawl Stone Soup version 0.28.0-49-g6dfe1f597d (webtiles) character file.

Game seed: 3410302501327699134

16 hawla the Firebug (level 2, -3/11 HPs)
             Began as a Felid Fire Elementalist on May 16, 2022.
             Slain by a quokka (5 damage)
             ... on level 1 of the Dungeon on May 17, 2022.
             The game lasted 00:02:11 (752 turns).

hawla the Firebug (Felid Fire Elementalist)          Turns: 752, Time: 00:02:12

Health: -3/11      AC:  1    Str:  4    XL:     2   Next: 37%
Magic:  1/6        EV: 17    Int: 16    God:
Gold:   56         SH:  0    Dex: 16    Spells: 4/5 levels left
                                        Lives:  0   Deaths: 0

rFire   . . .      SeeInvis +   (weapon unavailable)
rCold   . . .      Faith    .   (shield unavailable)
rNeg    . . .      Spirit   .   (armour unavailable)
rPois   .          Reflect  .   (helmet unavailable)
rElec   .          Harm     .   (cloak unavailable)
rCorr   .          Rampage  .   (gloves unavailable)
Will    .....                   (boots unavailable)
Stlth   ++........              (no amulet)
HPRegen 0.03/turn               a - ring of wizardry
MPRegen 0.10/turn               (no ring)

@: quick
A: very small, claws 1, fangs 3, see invisible, speed 1, shaggy fur 1, stealthy
paws, no weapons or thrown items, no armour, multi-lived
a: no special abilities


You were on level 1 of the Dungeon.
You visited 1 branch of the dungeon, and saw 1 of its levels.

You collected 56 gold pieces.

Inventory:

Jewellery
 a - a ring of wizardry (left paw)
Potions
 b - a potion of flight {unknown}


   Skills:
 + Level 2.7 Dodging
 + Level 2.7 Stealth
 + Level 2.2 Spellcasting
 + Level 0.9 Conjurations
 + Level 3.2 Fire Magic


You had 4 spell levels left.
You knew the following spells:

 Your Spells              Type           Power      Damage    Failure   Level
a - Foxfire               Conj/Fire      32%        2x1d5     3%          1

Your spell library contained the following spells:

 Spells                   Type           Power      Damage    Failure   Level
 Scorch                   Fire           24%        2d6       3%          2
 Conjure Flame            Conj/Fire      8%         6-21      11%         3
 Inner Flame              Hex/Fire       6%         N/A       12%         3
 Flame Wave               Conj/Fire      8%         2d5       32%         4


Dungeon Overview and Level Annotations

Branches:
Dungeon (1/15)

Altars:


Innate Abilities, Weirdness & Mutations

You have sharp claws.
You have razor-sharp teeth.
You have supernaturally acute eyesight. (SInv)
You cover ground quickly. (Speed+)
You are covered in fur. (AC +1)
Your paws help you pounce on unaware monsters.
You are incapable of wielding weapons or throwing items.
You cannot wear armour.
You gain extra lives every three experience levels.


Message History

Your foxfire dissipates!
The foxfire hits the gnoll.
The gnoll is heavily wounded.
The bat hits you but does no damage.
You closely miss the bat. Your bite misses the bat. The bat closely misses you.
You conjure some foxfire!
The foxfire hits the bat.
The bat is moderately wounded.
A quokka comes into view.
The gnoll hits you with a +0 whip. The bat barely misses you.
You conjure some foxfire!
The foxfire hits the bat.
You kill the bat!
The gnoll closely misses you.
You conjure some foxfire!
The gnoll barely misses you.
You closely miss the gnoll.
The gnoll is heavily wounded.
The foxfire hits the gnoll.
The gnoll is heavily wounded.
The foxfire hits the gnoll but does no damage.
The gnoll is heavily wounded.
The foxfire hits the gnoll but does no damage.
The gnoll is heavily wounded.
The gnoll misses you.
The foxfire hits the gnoll.
The gnoll is severely wounded.
You closely miss the gnoll.
The gnoll is severely wounded.
The gnoll barely misses you.
You completely miss the gnoll.
The gnoll is severely wounded.
The gnoll hits you with a +0 whip.
Ouch! That really hurt!
* * * LOW HITPOINT WARNING * * *
Casting: Foxfire (safe; 3% risk of failure)
Confirm with . or Enter, or press ? or * to list all spells.
You conjure some foxfire!
The foxfire hits the quokka.
The quokka is moderately wounded.
The foxfire hits the quokka.
The quokka is severely wounded.
The quokka bites you.
You die...

#...# #...##
###...8# ###
#.....# ..# #.....#
## ### ####.#
#.....## #.
#8###8#..# #.....8#
#.
.........###.g.r.##
#.
................@#
##
$................#
#8###8#.#8###8###.#
#######.####### ##
########
...............
#......#
.....#....##...
.######.###
.....+....#
...........
.....##...#
##########.
#######...#
#.........


You could see a gnoll and a quokka.

Vanquished Creatures
  2 bats (D:1)
  An endoplasm (D:1)
  A giant cockroach (D:1)
  A goblin (D:1)
  3 hobgoblins (D:1)
  A ball python (D:1)
  3 kobolds (D:1)
  3 rats (D:1)
15 creatures vanquished.

Vanquished Creatures (others)
  53 foxfires (D:1)
53 creatures vanquished.

Grand Total: 68 creatures vanquished

Notes
Turn   | Place    | Note
-------+----------+-------------------------------------------
     0 | D:1      | hawla the Felid Fire Elementalist began the quest for the
                  | Orb.
     0 | D:1      | Reached XP level 1. HP: 7/7 MP: 4/4
    61 | D:1      | Found a faded altar of an unknown god.
   197 | D:1      | Reached skill level 3 in Fire Magic
   490 | D:1      | Reached XP level 2. HP: 10/11 MP: 1/6
   752 | D:1      | Slain by a quokka

Illustrated notes

Levels and vault maps discovered:
D:1:      psy_arrival_radial02, layout_basic, basic_ecumenical_altar,
          serial_corexii_hall, chequers_hall_statues_y,
          chequers_hall_statues_corner_a, corexii_hall_statues_x,
          corexii_hall_statues_x, st_stairs_3, hangedman_decor_push,
          minmay_pentomino_w2

Skill      XL: |  1 |
---------------+----+-----
Fire Magic     | 3 |  3.2
Dodging        | |  2.7
Stealth        | |  2.7
Spellcasting   | |  2.2
Conjurations   | |  0.9

Action                   || total
-------------------------++-------
Melee: Unarmed           ||     6
 Cast: Foxfire           ||    31
Armor: Skin              ||     2
Dodge: Dodged            ||    12
